 Dungeon Crawl Stone Soup version 0.30.1-3-gfc49f6343a (webtiles) character file.

Game seed: 201273652915489970

2761 Wiggles the Cleaver (level 9, -8/81 HPs)
             Began as a Minotaur Berserker on Aug 9, 2023.
             Was a Priest of Trog.
             Mangled by a cyclops (20 damage)
             ... on level 8 of the Dungeon on Aug 10, 2023.
             The game lasted 00:10:20 (5838 turns).

Wiggles the Cleaver (Minotaur Berserker)            Turns: 5838, Time: 00:10:20

Health: -8/81      AC: 18    Str: 25    XL:     9   Next: 42%
Magic:  8/8        EV: 15    Int:  4    God:    Trog [***...]
Gold:   301        SH:  0    Dex: 11    Spells: 8/8 levels left

rFire   . . .        y - +2 battleaxe (heavy)
rCold   . . .        (shield currently unavailable)
rNeg    . . .        l - +0 chain mail
rPois   .            (helmet restricted)
rElec   .            (no cloak)
rCorr   .            i - +2 pair of gloves
SInv    .            (no boots)
Will    ++...        (no amulet) Stlth
                     o - +4 ring of protection
HPRegen 1.33/turn    B - +5 ring of evasion
MPRegen 0.11/turn

%: no passive effects
@: strong-willed, on berserk cooldown, regenerating, slowed, very slow
A: horns 2, retaliatory headbutt
a: Renounce Religion, Berserk, Trog's Hand


You were on level 8 of the Dungeon.
You worshipped Trog.
Trog was most pleased with you.
You visited 1 branch of the dungeon, and saw 8 of its levels.
You also visited: Sewer.

You collected 301 gold pieces.

Inventory:

Hand Weapons
 y - a +2 heavy battleaxe (weapon)
Missiles
 j - a throwing net (quivered)
Armour
 i - a +2 pair of gloves (worn)
 l - a +0 chain mail (worn)
Jewellery
 b - a ring of positive energy
 o - a +4 ring of protection (left hand)
 A - a +6 ring of intelligence
 B - a +5 ring of evasion (right hand)
Wands
 n - a wand of flame (31)
Scrolls
 c - 2 scrolls of magic mapping
 h - 2 scrolls of vulnerability
 w - 3 scrolls of teleportation
Potions
 d - 3 potions of lignification
 k - 2 potions of curing
 p - 2 potions of invisibility
 q - 2 potions of might {unknown}
 r - 3 potions of haste
 s - a potion of mutation
 z - 2 potions of magic


   Skills:
 + Level 7.9 Fighting
 + Level 11.2 Axes
 + Level 8.2 Armour
 + Level 4.1 Dodging
 + Level 0.8 Stealth


You had 8 spell levels left.
You didn't know any spells.
Your spell library was empty.

Dungeon Overview and Level Annotations

Branches:
Dungeon (8/15)             Temple (0/1) D:6           Sewer (visited)
   Lair: D:8-11

Altars:

Annotations:
D:5 3 runed translucent doors, Stellion's ghost, novice VSEn


Innate Abilities, Weirdness & Mutations

You have a pair of horns on your head.
You reflexively headbutt those who attack you in melee.


Message History

The deep elf pyromancer gestures wildly while chanting.
The deep elf pyromancer blinks!
The two-headed ogre hits you with a +0 giant club! x2
The deep elf pyromancer casts a spell at you.
The sticky flame hits you.
You are covered in liquid flames!
The two-headed ogre hits you with a +0 giant club!!
The two-headed ogre hits you but does no damage.
The cyclops hits you but does no damage.
Okay, then.
Your skin crawls.
You feel strong-willed.
You are covered in liquid flames!
You are no longer on fire.
The two-headed ogre closely misses you.
The two-headed ogre completely misses you.
The cyclops hits you!
* * * LOW HITPOINT WARNING * * *
You feel much better.
The two-headed ogre hits you with a +0 giant club.
The two-headed ogre hits you but does no damage.
The cyclops completely misses you.
The deep elf pyromancer barely misses you.
As you read the scroll labelled ROPAXA CAAM, it crumbles to dust.
It is a scroll of amnesia.
You feel forgetful for a moment.
The two-headed ogre hits you with a +0 giant club!
The two-headed ogre hits you but does no damage.
The cyclops hits you but does no damage.
The deep elf pyromancer hits you with a +0 long sword.
As you read the scroll of fog, it crumbles to dust.
The scroll dissolves into smoke.
The deep elf pyromancer casts a spell.
The deep elf pyromancer blinks!
The two-headed ogre hits you with a +0 giant club.
* * * LOW HITPOINT WARNING * * *
The two-headed ogre barely misses you. The cyclops hits you!
* * * LOW HITPOINT WARNING * * *
The cyclops attacks as you move away! The cyclops hits you!!
You die...

# #. ##..#
###
#.###...#
..#
#.......#
#.##
##.###..#
...# #†#
#..# ##.#
#.# #.)###
##.######.#
#))..##
..........#
#.§§O§#
##.########
##§§@C#
##.#
#§§§§§..#
[..#
#...§#.....
####
#....#....#
....## ..##
#..### #
#e.. #...


You could see a two-headed ogre, a cyclops and a deep elf pyromancer.

Vanquished Creatures
  A two-headed ogre (D:8)
  Sigmund (D:3)
  A steam dragon (D:3)
  Menkaure (D:6)
  2 black bears (D:7)
  An orc warrior (D:6)
  2 sky beasts
  An ice beast (D:7)
  Pargi (Sewer)
  4 centaurs
  An ogre (D:5)
  A phantom (D:5)
  A bullfrog (D:7)
  2 scorpions (D:4)
  A howler monkey (D:4)
  2 hounds
  A sleepcap (D:5)
  2 orc priests (D:8)
  An iguana (D:7)
  Terence (D:2)
  Natasha (thrice) (D:2)
  An orc wizard (D:7)
  3 adders
  An ufetubus (D:7)
  4 worms
  A dart slug (D:3)
  13 orcs
  8 ball pythons
  3 bats
  6 endoplasms
  10 giant cockroaches
  10 goblins
  8 hobgoblins
  4 quokkas
  9 frilled lizards
  4 kobolds
  4 rats
120 creatures vanquished.

Notes
Turn   | Place    | Note
-------+----------+-------------------------------------------
     0 | D:1      | Wiggles the Minotaur Berserker began the quest for the Orb.
     0 | D:1      | Reached XP level 1. HP: 19/19 MP: 0/0
   169 | D:1      | Reached XP level 2. HP: 24/27 MP: 1/1
   205 | D:1      | Reached skill level 4 in Axes
  1092 | D:2      | Noticed Terence
  1098 | D:2      | Reached XP level 3. HP: 33/33 MP: 2/2
  1102 | D:2      | Killed Terence
  1104 | D:2      | Reached ** piety under Trog
  1160 | D:2      | Noticed Natasha
  1164 | D:2      | Killed Natasha
  1165 | D:2      | Reached XP level 4. HP: 41/41 MP: 3/3
  1562 | D:2      | Noticed Natasha
  1580 | D:2      | Killed Natasha
  1581 | D:2      | Reached skill level 5 in Axes
  1593 | D:2      | Noticed Natasha
  1607 | D:2      | Killed Natasha
  1608 | D:2      | Reached XP level 5. HP: 11/47 MP: 4/4
  2016 | D:3      | Noticed a steam dragon
  2023 | D:3      | Killed a steam dragon
  2024 | D:3      | Reached skill level 5 in Fighting
  2024 | D:3      | Reached XP level 6. HP: 32/56 MP: 5/5
  2150 | D:3      | Reached skill level 6 in Axes
  2150 | D:3      | Found a glowing drain.
  2167 | Sewer    | Entered a sewer
  2219 | Sewer    | Noticed Pargi
  2229 | Sewer    | Killed Pargi
  2475 | D:3      | Noticed Sigmund
  2480 | D:3      | Killed Sigmund
  2481 | D:3      | Reached skill level 7 in Axes
  2481 | D:3      | Reached skill level 5 in Armour
  2481 | D:3      | Reached XP level 7. HP: 61/61 MP: 6/6
  2853 | D:4      | Reached *** piety under Trog
  3357 | D:5      | Entered Level 5 of the Dungeon
  3419 | D:5      | Reached skill level 8 in Axes
  3617 | D:5      | Noticed Stellion's ghost (novice VSEn)
  3651 | D:5      | Found a runed translucent gate.
  3652 | D:5      | Found a runed translucent gate.
  3653 | D:5      | Found a runed translucent gate.
  3742 | D:5      | Reached XP level 8. HP: 57/71 MP: 7/7
  3958 | D:6      | Noticed Menkaure
  3963 | D:6      | Killed Menkaure
  3964 | D:6      | Reached skill level 9 in Axes
  4258 | D:6      | Found a staircase to the Ecumenical Temple.
  5106 | D:7      | Reached skill level 10 in Axes
  5349 | D:7      | Reached XP level 9. HP: 79/79 MP: 8/8
  5819 | D:8      | Noticed a two-headed ogre
  5821 | D:8      | Noticed a deep elf pyromancer
  5823 | D:8      | Noticed a cyclops
  5825 | D:8      | Killed a two-headed ogre
  5826 | D:8      | Reached skill level 11 in Axes
  5828 | D:8      | Noticed a two-headed ogre
  5838 | D:8      | Mangled by a cyclops

Illustrated notes

Levels and vault maps discovered:
D:1:      dpeg_arrival_ternary, layout_loops_corners
D:2:      layout_basic, uniq_natasha, uniq_terence
D:3:      layout_basic, gup_sewer_entry_pipe, serial_bayou_pond_c, uniq_sigmund
D:4:      layout_cave_pools
D:5:      layout_cave_pools, gammafunk_ghost_icy, chequers_avenue
D:6:      layout_cave_pods, minmay_temple_entry_hall, uniq_menkaure
D:7:      layout_loops_ring
D:8:      minmay_curly_fans, layout_loops_corners, serial_bayou,
          serial_bayou_crossing, serial_bayou_pond_b, serial_bayou_pond_e,
          serial_bayou_lake_a, serial_shops, shop, worms_lemuel

Skill      XL: |  1  2  3  4  5  6  7  8  9 |
---------------+----------------------------+-----
Axes           | 4 5 7 8 10 11 | 11.2
Fighting       | 4 5 6 7 |  7.9
Armour         | 3 4 5 7 8 |  8.2
Dodging        | 3 4 |  4.1
Stealth        | |  0.8

Action                     |  1- 3 |  4- 6 |  7- 9 || total
---------------------------+-------+-------+-------++-------
  Melee: Hand axe          |    67 |   101 |     5 ||   173
         Headbutt          |     9 |    11 |    16 ||    36
         War axe           |       |       |    56 ||    56
         Battleaxe         |       |       |    51 ||    51
 Invoke: Berserk           |     1 |     3 |     2 ||     6
         Trog's Hand       |       |       |     1 ||     1
    Use: Scroll            |       |       |    25 ||    25
         Potion            |       |       |     1 ||     1
 Armour: Animal skin       |     5 |       |       ||     5
         Leather armour    |     2 |       |       ||     2
         Ring mail         |     9 |       |       ||     9
         Chain mail        |     2 |    67 |    91 ||   160
  Dodge: Dodged            |    47 |    64 |    90 ||   201
